 Dungeon Sprint DCSS version 0.16-a0-3827-g034e2a6 (console) character file.

100 Monkaria the Fighter (level 4, 20/49 HPs)
             Began as a Hill Orc Fighter on Jan 29, 2015.
             Was a Plaything of Xom.
             Quit the game in the Dungeon (Sprint IX: "|||||||||||||||||||||||||||||").
             The game lasted 00:00:38 (137 turns).

Monkaria the Fighter (Hill Orc Fighter)              Turns: 137, Time: 00:00:38

Health: 20/49      AC:  6    Str: 19    XL:     4   Next: 74%
Magic:  4/4        EV:  7    Int:  8    God:    Xom [..*...]
Gold:   0          SH:  9    Dex: 10    Spells: 0 memorised, 3 levels left

rFire  . . .     SeeInvis .     a - +0 long sword
rCold  . . .     Clarity  .     b - +0 scale mail
rNeg   . . .     SustAb   .     c - +0 shield
rPois  .         Gourm    .     (no helmet)
rElec  .         Spirit   .     (no cloak)
rCorr  .         Warding  .     (no gloves)
rMut   .         NoTele   +     (no boots)
MR     .....                    (no amulet)
Stlth  ..........               (no ring)
                                (no ring)

@: not resistant to hostile enchantments, extremely unstealthy
A: no striking features
a: Renounce Religion


You were in the Dungeon.
You worshipped Xom.
You were a toy of Xom.
You were not hungry.

You visited 1 branch

Inventory:

Hand weapons
 a - a +0 long sword (weapon)
Armour
 b - a +0 scale mail (worn)
 c - a +0 shield (worn)
Magical devices
 p - a wand of cold (7)
Scrolls
 k - 2 scrolls of blinking
 n - 3 scrolls of remove curse
 o - 2 scrolls of amnesia
Potions
 e - a potion of might
 g - 3 potions of heal wounds
 h - a potion of haste
 i - 4 potions of magic
 j - a potion of berserk rage
 l - a potion of invisibility
 m - 4 potions of curing
Comestibles
 d - a meat ration
 f - a chunk of flesh


   Skills:
 - Level 8.7 Fighting
 + Level 6.9 Long Blades
 - Level 3.2 Armour
 - Level 3.2 Shields


You had 3 spell levels left.
You didn't know any spells.

Dungeon Overview and Level Annotations

Branches:
Dungeon (1/1)

Altars:
Cheibriados
Dithmenos
Elyvilon
Fedhas
Gozag
Kikubaaqudgha
Makhleb
Nemelex Xobeh
Okawaru
Qazlal
Ru
Sif Muna
Trog
Vehumet
Xom
Yredelemnul
Zin
The Shining One
Beogh
Jiyva
Lugonu


Message History

There is a snail-covered altar of Cheibriados here.
There is a shadowy altar of Dithmenos here.
There is a stormy altar of Qazlal here.
There is an opulent altar of Gozag here.
There is a sacrificial altar of Ru here.
You open the door.
Found seven items.
Found a +3 ring of strength.
There is an open door here.
Found a +3 ring of strength.
i - 4 potions of magic (gained 2);
l - a potion of invisibility
g - 3 potions of heal wounds (gained 2);
m - 4 potions of curing
n - 3 scrolls of remove curse;
o - 2 scrolls of amnesia
k - 2 scrolls of blinking (gained 1)
p - a wand of cold (7)
You see here an uncursed staff of energy.
Items here: ))))))
Okay, then.
Unknown command.
Are you sure you want to abandon this character and quit the game? (Confirm with "yes".)

▓+▓
▓=▓
▓=▓
▓[▓
▓[▓
▓[▓
▓@▓
▓|▓
▓.▓
▓.▓
▓'▓
▓_▓
▓_▓
▓_▓
▓_▓


There were no monsters in sight!

Vanquished Creatures
  A scorpion (D)
  A crimson imp (D)
  An adder (D)
  An adder zombie (D)
  A bat zombie (D)
  2 hobgoblins (D)
  A kobold (D)
  A giant gecko (D)
  A goblin (D)
10 creatures vanquished.

Notes
Turn   | Place    | Note
--------------------------------------------------------------
     0 | D        | Monkaria, the Hill Orc Fighter, began the quest for the Orb.
     0 | D        | Reached XP level 1. HP: 19/19 MP: 1/1
    19 | D        | Reached skill level 4 in Fighting
    34 | D        | Noticed a crimson imp
    34 | D        | Noticed a scorpion
    38 | D        | Reached XP level 2. HP: 25/28 MP: 2/2
    50 | D        | Killed a scorpion
    50 | D        | Reached skill level 6 in Fighting
    50 | D        | Reached XP level 3. HP: 19/37 MP: 3/3
    50 | D        | Reached XP level 4. HP: 22/44 MP: 4/4
    87 | D        | Killed a crimson imp
    87 | D        | Reached skill level 8 in Fighting
   104 | D        | Found a glowing silver altar of Zin.
   104 | D        | Found a glowing golden altar of the Shining One.
   104 | D        | Found an ancient bone altar of Kikubaaqudgha.
   104 | D        | Found a basalt altar of Yredelemnul.
   104 | D        | Found a shimmering altar of Xom.
   104 | D        | Found a radiant altar of Vehumet.
   104 | D        | Found an iron altar of Okawaru.
   105 | D        | Found a burning altar of Makhleb.
   106 | D        | Found a deep blue altar of Sif Muna.
   107 | D        | Found a bloodstained altar of Trog.
   108 | D        | Found a sparkling altar of Nemelex Xobeh.
   109 | D        | Found a white marble altar of Elyvilon.
   110 | D        | Found a roughly hewn altar of Beogh.
   111 | D        | Became a worshipper of Xom of Fickle Intent
   112 | D        | Found a viscous altar of Jiyva.
   113 | D        | Found a corrupted altar of Lugonu.
   114 | D        | Found a blossoming altar of Fedhas.
   115 | D        | Found a snail-covered altar of Cheibriados.
   116 | D        | Found a shadowy altar of Dithmenos.
   117 | D        | Found a stormy altar of Qazlal.
   118 | D        | Found an opulent altar of Gozag.
   119 | D        | Found a sacrificial altar of Ru.
   137 | D        | Quit the game

Action                   |  1- 3 |  4- 6 || total
-------------------------+-------+-------++-------
Melee: Long sword        |    38 |    22 ||    60
  Use: Potion            |     1 |       ||     1
